 Dungeon Crawl Stone Soup version 0.22-a0-161-g198051c (webtiles) character file.

94 wolfsongas the Ruffian (level 4, -1/49 HPs)
             Began as an Octopode Fighter on Feb 10, 2018.
             Slain by a jackal (2 damage)
             ... on level 2 of the Dungeon.
             The game lasted 00:01:23 (1203 turns).

wolfsongas the Ruffian (Octopode Fighter)           Turns: 1203, Time: 00:01:24

Health: -1/49      AC:  1    Str: 20    XL:     4   Next: 63%
Magic:  4/4        EV: 11    Int: 11    God:
Gold:   96         SH:  9    Dex: 11    Spells: 3/3 levels left

rFire    . . .     SeeInvis .     - Unarmed
rCold    . . .     Gourm    .   a - +0 shield
rNeg     . . .     Faith    .   (helmet restricted)
rPois    .         Spirit   .   (no amulet)
rElec    .         Reflect  .   (no ring)
rCorr    .         Harm     .   (no ring)
MR       .....                  (no ring)
Stlth    ..........             (no ring)
HPRegen  0.16/turn              (no ring)
MPRegen  0.09/turn              (no ring)
                                (no ring)
                                (no ring)

@: berserking, very quick
A: almost no armour, stealthy swim, amphibious, 8 rings, constrict 8, camouflage
1, gelatinous body 1
a: no special abilities


You were on level 2 of the Dungeon.
You were not hungry.

You visited 1 branch of the dungeon, and saw 2 of its levels.

You collected 96 gold pieces.

Inventory:

Armour
 a - a +0 shield (worn)
Scrolls
 d - 3 scrolls of teleportation
 e - a scroll of amnesia {unknown}
 f - a scroll of remove curse {unknown}
 h - a scroll of random uselessness {unknown}
 j - a scroll of identify {unknown}
 k - a scroll of magic mapping {unknown}
Potions
 b - a potion of might
 l - a potion of brilliance {unknown}
Comestibles
 c - 5 rations
 i - 8 chunks of flesh


   Skills:
 + Level 3.8 Fighting
 - Level 3.0 Dodging
 - Level 3.0 Shields
 * Level 4.0 Unarmed Combat


You had 3 spell levels left.
You didn't know any spells.

Dungeon Overview and Level Annotations

Branches:
Dungeon (2/15)

Altars:
Gozag


Innate Abilities, Weirdness & Mutations

You cannot wear most types of armour.
You are very stealthy in the water. (Stealth+)
You are amphibious.
You can wear up to eight rings at the same time.
You can use your tentacles to constrict eight enemies at once.
Your skin changes colour to match your surroundings (Stealth+).
Your rubbery body absorbs attacks. (AC +1, EV +1)


Message History

You block the jackal's attack. The jackal bites you.
* * * LOW HITPOINT WARNING * * *
You tentacle-slap the jackal but do no damage.
Your grab misses the jackal. You constrict the bullfrog.
You kill the bullfrog!
Your Unarmed Combat skill increases to level 4!
You have reached level 4!
The jackal barely misses you. You block the jackal's attack.
The jackal bites you.
* * * LOW HITPOINT WARNING * * *
You block the jackal's attack. The jackal bites you.
* * * LOW HITPOINT WARNING * * *
It was a potion of berserk rage.
A red film seems to cover your vision as you go berserk!
You feel yourself moving faster!
You feel mighty! You block the jackal's attack. The jackal bites you.
* * * LOW HITPOINT WARNING * * *
The jackal closely misses you. The jackal barely misses you.
The jackal bites you.
You die...

#.. #.. ..# ###.#
######### # #...##
..........
...#.#....###..#........
#$...hhh......#........
#@h..# ........ ##...#
........ . #.###.#
.....[.. ...####.รท...#
........
........#######........
#......................
#......#...............
#......#......[.######+
+......#.##+###.# .


You could see 4 jackals.

Vanquished Creatures
  A bullfrog (D:2)
  A dart slug (D:1)
  A leopard gecko (D:2)
  2 giant cockroaches (D:1)
  5 goblins (D:1)
  A hobgoblin (D:2)
  2 jackals (D:2)
  4 bats (D:1)
  7 frilled lizards
  3 kobolds
  3 rats
30 creatures vanquished.

Notes
Turn   | Place    | Note
-------+----------+-------------------------------------------
     0 | D:1      | wolfsongas the Octopode Fighter began the quest for the Orb.
     0 | D:1      | Reached XP level 1. HP: 16/16 MP: 1/1
    97 | D:1      | Reached XP level 2. HP: 18/21 MP: 2/2
  1052 | D:2      | Reached skill level 3 in Unarmed Combat
  1075 | D:2      | Reached XP level 3. HP: 26/26 MP: 3/3
  1187 | D:2      | Found an opulent altar of Gozag.
  1195 | D:2      | Noticed a bullfrog
  1202 | D:2      | Killed a bullfrog
  1202 | D:2      | Reached skill level 4 in Unarmed Combat
  1202 | D:2      | Reached XP level 4. HP: 5/33 MP: 4/4
  1203 | D:2      | HP: 1/49 [jackal (2)]
  1203 | D:2      | Slain by a jackal

Vault maps used:
D:1:      dpeg_arrival_line_fractal
D:2:      nicolae_overflow_crystal_walls

Skill      XL: |  1  2  3 |
---------------+----------+-----
Unarmed Combat | 3 4 |  4.0
Fighting       | |  3.8
Dodging        | |  3.0
Shields        | |  3.0

Action                   |  1- 3 |  4- 6 || total
-------------------------+-------+-------++-------
Melee: Unarmed           |    57 |       ||    57
       Tentacles         |    11 |       ||    11
       Constrict         |    14 |       ||    14
  Use: Scroll            |     1 |       ||     1
       Potion            |       |     1 ||     1
 Stab: Sleeping          |    10 |       ||    10
  Eat: Chunk             |     1 |       ||     1
Armor: Skin              |     5 |       ||     5
Dodge: Dodged            |    10 |     3 ||    13
Block: Shield            |    23 |     3 ||    26

Table legend:
 A = Spawn XP
 B = Non-spawn XP
 C = Spawn XP percentage of total XP
 D = Spawn monster count
 E = Non-spawn monster count
 F = Spawn count percentage of total count
 G = Total turns spent on level
                    A         B        C        D         E        F      G
               +---------+---------+-------+---------+---------+-------+---------
         Total |       0 |     135 |   0.0 |       0 |      30 |   0.0 |  1203
               +---------+---------+-------+---------+---------+-------+---------
           D:1 |       0 |      31 |   0.0 |       0 |      21 |   0.0 |  1024
           D:2 |       0 |     104 |   0.0 |       0 |       9 |   0.0 |   179
               +---------+---------+-------+---------+---------+-------+---------
